| TOP OF THE 1ST |
|
New York Yankees batting - Pitching for Arizona Diamondbacks : RHP Pancho Escobar
|
|
Pitching: RHP Pancho Escobar
|
|
|
Batting: LHB Sergio Martínez
|
0-0: Called Strike 0-1: Swinging Strike 0-2: Ball 1-2: DOUBLE (Groundball, 5L, EV 94 MPH)
|
|
Batting: RHB Milton Ramos
|
0-0: Foul Ball, location: 5FF 0-1: Called Strike 0-2: Ball 1-2: Strikes out swinging
|
|
Batting: RHB Israel Ávila
|
0-0: Called Strike Sergio Martínez steals 3rd base 0-1: Foul Ball, location: 9LSF 0-2: Foul Ball, location: 23F 0-2: Ground out 4-3 (Groundball, 4MD, EV 111 MPH) Sergio Martínez scores
|
|
Batting: RHB Li-Jen Chu
|
0-0: Ball 1-0: Ball 2-0: Foul Ball, location: 2F 2-1: Swinging Strike 2-2: Ground out 6-3 (Groundball, 6, EV 84 MPH)
|
| Top of the 1st over - 1 run, 1 hit, 0 errors, 0 left on base; New York 1 - Arizona 0 |
| BOTTOM OF THE 1ST |
|
Arizona Diamondbacks batting - Pitching for New York Yankees : RHP Bob Vaughn
|
|
Pitching: RHP Bob Vaughn
|
|
|
Batting: SHB Johnny McConnell
|
0-0: Fly out, F6 (Popup, 6M, EV 56 MPH)
|
|
Batting: LHB Jorge Aguilar
|
0-0: Fly out, F4 (Popup, 3D, EV 85 MPH)
|
|
Batting: LHB Sergio Portillo
|
0-0: Ball 1-0: Called Strike 1-1: Ball 2-1: DOUBLE (Flyball, 89XD, EV 105 MPH)
|
|
Batting: LHB José Silva
|
0-0: Called Strike 0-1: Foul Ball, location: 2F 0-2: Foul Ball, location: 2RF 0-2: 2-RUN HOME RUN (Flyball, 9D, EV 113 MPH), Distance : 365 ft
|
|
Batting: RHB Derek Briggs
|
0-0: Ball 1-0: Called Strike 1-1: Ball 2-1: Ball 3-1: Called Strike 3-2: Strikes out swinging
|
| Bottom of the 1st over - 2 runs, 2 hits, 0 errors, 0 left on base; New York 1 - Arizona 2 |
| TOP OF THE 2ND |
|
New York Yankees batting - Pitching for Arizona Diamondbacks : RHP Pancho Escobar
|
|
Batting: RHB Hermengildo Forte
|
0-0: Fly out, F4 (Popup, 4M, EV 82 MPH)
|
|
Batting: LHB Rob Holt
|
0-0: Swinging Strike 0-1: Ground out 4-3 (Groundball, 4D, EV 79 MPH)
|
|
Batting: SHB Jose Herrera
|
0-0: Called Strike 0-1: Ball 1-1: Foul Ball, location: 7LSF 1-2: Ball 2-2: Foul Ball, location: 9LDF 2-2: Strikes out swinging
|
| Top of the 2nd over - 0 runs, 0 hits, 0 errors, 0 left on base; New York 1 - Arizona 2 |
| BOTTOM OF THE 2ND |
|
Arizona Diamondbacks batting - Pitching for New York Yankees : RHP Bob Vaughn
|
|
Pitching: RHP Ernesto Stainforth
|
|
|
Batting: SHB Christopher Torres
|
0-0: Called Strike 0-1: Fly out, F5 (Popup, 5L, EV 50 MPH)
|
|
Batting: LHB Richard Urena
|
0-0: Called Strike 0-1: Ball 1-1: Called Strike 1-2: Ball 2-2: Ball 3-2: Ground out 3-1 (Groundball, 34S, EV 53 MPH)
|
|
Batting: RHB Terrell Joyce
|
0-0: Ball 1-0: Swinging Strike 1-1: Ball 2-1: Called Strike 2-2: Ball 3-2: SINGLE (Line Drive, 89M, EV 81 MPH)
|
|
Batting: RHB Yohel Pozo
|
0-0: Called Strike 0-1: Ball 1-1: Swinging Strike 1-2: Ball 2-2: Strikes out looking
|
| Bottom of the 2nd over - 0 runs, 1 hit, 0 errors, 1 left on base; New York 1 - Arizona 2 |
| TOP OF THE 3RD |
|
New York Yankees batting - Pitching for Arizona Diamondbacks : RHP Pancho Escobar
|
|
Batting: LHB Brad McBride
|
0-0: Ball 1-0: Foul Ball, location: 7LSF 1-1: Foul Ball, location: 2F 1-2: Strikes out looking
|
|
Batting: RHB Xander Bogaerts
|
0-0: Ball 1-0: Ground out 4-3 (Groundball, 34D, EV 93 MPH)
|
|
Batting: LHB Sergio Martínez
|
0-0: Foul Ball, location: 2F 0-1: Foul Ball, location: 7LDF 0-2: Foul Ball, location: 25FF 0-2: Ball 1-2: Ball 2-2: Ball 3-2: Foul Ball, location: 25F 3-2: Fly out, F8 (Line Drive, 8LD, EV 77 MPH)
|
| Top of the 3rd over - 0 runs, 0 hits, 0 errors, 0 left on base; New York 1 - Arizona 2 |
| BOTTOM OF THE 3RD |
|
Arizona Diamondbacks batting - Pitching for New York Yankees : RHP Ernesto Stainforth
|
|
Batting: SHB Johnny McConnell
|
0-0: Foul Ball, location: 7LDF 0-1: Ball 1-1: Called Strike 1-2: Ground out 3-1 (Groundball, 34S, EV 101 MPH)
|
|
Batting: LHB Jorge Aguilar
|
0-0: Called Strike 0-1: Foul Ball, location: 7LSF 0-2: Ball 1-2: Ball 2-2: Ball 3-2: Base on Balls
|
|
Batting: LHB Sergio Portillo
|
0-0: Called Strike 0-1: Grounds into double play, 6-4-3 (Groundball, 6M, EV 98 MPH)
|
| Bottom of the 3rd over - 0 runs, 0 hits, 0 errors, 0 left on base; New York 1 - Arizona 2 |
| TOP OF THE 4TH |
|
New York Yankees batting - Pitching for Arizona Diamondbacks : RHP Pancho Escobar
|
|
Batting: RHB Milton Ramos
|
0-0: Called Strike 0-1: Fly out, F8 (Line Drive, 78D, EV 76 MPH)
|
|
Batting: RHB Israel Ávila
|
0-0: Ground out 1-3 (Groundball, 15S, EV 77 MPH)
|
|
Batting: RHB Li-Jen Chu
|
0-0: Swinging Strike 0-1: Foul Ball, location: 2F 0-2: Ball 1-2: Ball 2-2: Ground out 4-3 (Groundball, 4, EV 108 MPH)
|
| Top of the 4th over - 0 runs, 0 hits, 0 errors, 0 left on base; New York 1 - Arizona 2 |
| BOTTOM OF THE 4TH |
|
Arizona Diamondbacks batting - Pitching for New York Yankees : RHP Ernesto Stainforth
|
|
Batting: LHB José Silva
|
0-0: Ball 1-0: Called Strike 1-1: Foul Ball, location: 2F 1-2: SINGLE (Line Drive, 7S, EV 98 MPH)
|
|
Batting: RHB Derek Briggs
|
0-0: SINGLE (Line Drive, 9S, EV 107 MPH) José Silva to second Runner from 2nd tries for 3rd, SAFE, throw by RF made to third
|
|
Batting: SHB Christopher Torres
|
0-0: SINGLE (Groundball, 15, EV 63 MPH) (infield hit) José Silva scores Derek Briggs to second
|
|
Batting: LHB Richard Urena
|
0-0: Called Strike 0-1: Ball 1-1: Foul Ball, location: 5F 1-2: Foul Ball, location: 2F 1-2: Strikes out swinging
|
|
Pitching: RHP Dan Ibarra
|
|
|
Batting: RHB Terrell Joyce
|
0-0: Called Strike 0-1: Swinging Strike 0-2: Foul Ball, location: 7LMF 0-2: Foul Ball, location: 2F 0-2: Ball 1-2: SINGLE (Groundball, 4S, EV 92 MPH) (infield hit) Derek Briggs to third Christopher Torres to second
|
|
Batting: RHB Yohel Pozo
|
0-0: Called Strike 0-1: Ball 1-1: Fly out, F9 (Flyball, 9LM, EV 78 MPH) Runner from 3rd tags up, SCORES, no throw by RF
|
|
Batting: SHB Johnny McConnell
|
0-0: Ground out 4-3 (Groundball, 4MS, EV 59 MPH)
|
| Bottom of the 4th over - 2 runs, 4 hits, 0 errors, 2 left on base; New York 1 - Arizona 4 |
| TOP OF THE 5TH |
|
New York Yankees batting - Pitching for Arizona Diamondbacks : RHP Pancho Escobar
|
|
Batting: RHB Hermengildo Forte
|
0-0: Ball 1-0: SINGLE (Line Drive, 7, EV 105 MPH)
|
|
Batting: LHB Rob Holt
|
0-0: Called Strike 0-1: Foul Ball, location: 2F 0-2: Strikes out swinging
|
|
Batting: SHB Jose Herrera
|
0-0: Ball 1-0: Foul Ball, location: 23FF 1-1: Foul Ball, location: 2F 1-2: Strikes out swinging
|
|
Batting: LHB Brad McBride
|
0-0: Ball 1-0: Called Strike 1-1: Foul Ball, location: 2F 1-2: Fly out, F7 (Line Drive, 7, EV 96 MPH)
|
| Top of the 5th over - 0 runs, 1 hit, 0 errors, 1 left on base; New York 1 - Arizona 4 |
| BOTTOM OF THE 5TH |
|
Arizona Diamondbacks batting - Pitching for New York Yankees : RHP Dan Ibarra
|
|
Batting: LHB Jorge Aguilar
|
0-0: Foul Ball, location: 7LSF 0-1: Foul Ball, location: 2F 0-2: Foul Ball, location: 25F 0-2: Foul Ball, location: 9LMF 0-2: Fly out, F9 (Flyball, 9D, EV 91 MPH)
|
|
Batting: LHB Sergio Portillo
|
0-0: Swinging Strike 0-1: Swinging Strike 0-2: Ball 1-2: Ball 2-2: Foul Ball, location: 7LMF 2-2: Fly out, F9 (Flyball, 9, EV 83 MPH)
|
|
Batting: LHB José Silva
|
0-0: Called Strike 0-1: Foul Ball, location: 5DF 0-2: SOLO HOME RUN (Flyball, 89XD, EV 118 MPH), Distance : 385 ft
|
|
Batting: RHB Derek Briggs
|
0-0: Called Strike 0-1: Ball 1-1: Foul Ball, location: 2F 1-2: Fly out, F3 (Popup, 3, EV 86 MPH)
|
| Bottom of the 5th over - 1 run, 1 hit, 0 errors, 0 left on base; New York 1 - Arizona 5 |
| TOP OF THE 6TH |
|
New York Yankees batting - Pitching for Arizona Diamondbacks : RHP Pancho Escobar
|
|
Batting: RHB Xander Bogaerts
|
0-0: Ball 1-0: Foul Ball, location: 7LMFF 1-1: Ball 2-1: Foul Ball, location: 9LSF 2-2: Ball 3-2: Base on Balls
|
|
Batting: LHB Sergio Martínez
|
0-0: Ball 1-0: Called Strike 1-1: Called Strike 1-2: Ball 2-2: Grounds into double play, 4-6-3 (Groundball, 4S, EV 78 MPH)
|
|
Batting: RHB Milton Ramos
|
0-0: Called Strike 0-1: Ball 1-1: Foul Ball, location: 3DF 1-2: Strikes out swinging
|
| Top of the 6th over - 0 runs, 0 hits, 0 errors, 0 left on base; New York 1 - Arizona 5 |
| BOTTOM OF THE 6TH |
|
Arizona Diamondbacks batting - Pitching for New York Yankees : RHP Dan Ibarra
|
|
Batting: SHB Christopher Torres
|
0-0: Ball 1-0: Called Strike 1-1: Ball 2-1: Foul Ball, location: 2F 2-2: Ball 3-2: SINGLE (Line Drive, 89D, EV 88 MPH)
|
|
Batting: LHB Richard Urena
|
0-0: Ball 1-0: Called Strike 1-1: Ball 2-1: Ball 3-1: Called Strike 3-2: Strikes out swinging Christopher Torres steals 2nd base (no throw) Batter strikes out.
|
|
Pitching: RHP Jim Hagler
|
|
|
Batting: RHB Terrell Joyce
|
0-0: Ball 1-0: Ball 2-0: Ball 3-0: Called Strike 3-1: Foul Ball, location: 9LMF 3-2: Strikes out looking
|
|
Batting: RHB Yohel Pozo
|
0-0: Called Strike 0-1: Swinging Strike 0-2: Foul Ball, location: 23F 0-2: Ball 1-2: Ball 2-2: Foul Ball, location: 9LDF 2-2: Ball 3-2: Base on Balls
|
|
Batting: SHB Johnny McConnell
|
0-0: Called Strike 0-1: Ball 1-1: Called Strike 1-2: Ball 2-2: Ball 3-2: Base on Balls Christopher Torres to third Yohel Pozo to second
|
|
Batting: LHB Jorge Aguilar
|
0-0: Ball 1-0: Foul Ball, location: 3FF 1-1: Ground out 3-1 (Groundball, 34S, EV 86 MPH)
|
| Bottom of the 6th over - 0 runs, 1 hit, 0 errors, 3 left on base; New York 1 - Arizona 5 |
| TOP OF THE 7TH |
|
New York Yankees batting - Pitching for Arizona Diamondbacks : RHP Pancho Escobar
|
|
Batting: RHB Israel Ávila
|
0-0: Ball 1-0: Fly out, F7 (Line Drive, 78D, EV 90 MPH)
|
|
Batting: RHB Li-Jen Chu
|
0-0: Ball 1-0: Called Strike 1-1: Ball 2-1: Called Strike 2-2: Strikes out looking
|
|
Batting: RHB Hermengildo Forte
|
0-0: Called Strike 0-1: Called Strike 0-2: Ball 1-2: Ball 2-2: Ball 3-2: Base on Balls
|
|
Batting: LHB Rob Holt
|
0-0: Ball 1-0: Ball 2-0: Single, Error in OF, E8, batter to second base (Line Drive, 89S, EV 84 MPH) Hermengildo Forte to third
|
|
Batting: SHB Jose Herrera
|
0-0: Ball 1-0: Ball 2-0: Ball 3-0: Called Strike 3-1: Reached on error, E6 (Groundball, 6M, EV 109 MPH) Hermengildo Forte scores Rob Holt to third
|
|
Batting: LHB Brad McBride
|
0-0: Ball 1-0: Foul Ball, location: 2F 1-1: Ball 2-1: Ball 3-1: Base on Balls Jose Herrera to second
|
|
Pitching: RHP Jon Cameron
|
|
|
Batting: RHB Xander Bogaerts
|
0-0: Ball 1-0: Called Strike 1-1: Fly out, F7 (Flyball, 7LS, EV 80 MPH)
|
| Top of the 7th over - 1 run, 1 hit, 2 errors, 3 left on base; New York 2 - Arizona 5 |
| BOTTOM OF THE 7TH |
|
Arizona Diamondbacks batting - Pitching for New York Yankees : RHP Jim Hagler
|
|
Pitching: RHP Julián López
|
|
|
Batting: LHB Sergio Portillo
|
0-0: TRIPLE (Line Drive, 9LD, EV 96 MPH)
|
|
Batting: LHB José Silva
|
0-0: Called Strike 0-1: Fly out, F8 (Flyball, 8LM, EV 93 MPH) Runner from 3rd tags up, SCORES, no throw by CF
|
|
Batting: RHB Derek Briggs
|
0-0: Called Strike 0-1: Foul Ball, location: 2LF 0-2: Ball 1-2: Ball 2-2: Ball 3-2: Base on Balls
|
|
Batting: SHB Christopher Torres
|
0-0: Called Strike 0-1: Foul Ball, location: 7LSF 0-2: Foul Ball, location: 5FF 0-2: Strikes out swinging
|
|
Batting: LHB Richard Urena
|
0-0: Ball 1-0: Ball 2-0: Swinging Strike 2-1: Foul Ball, location: 5F 2-2: Strikes out swinging
|
| Bottom of the 7th over - 1 run, 1 hit, 0 errors, 1 left on base; New York 2 - Arizona 6 |
| TOP OF THE 8TH |
|
New York Yankees batting - Pitching for Arizona Diamondbacks : RHP Jon Cameron
|
|
Now at 1B: Josh Marshania
|
|
|
Batting: LHB Sergio Martínez
|
0-0: Reached on error, E6 (Groundball, 6S, EV 91 MPH)
|
|
Batting: RHB Milton Ramos
|
0-0: Swinging Strike 0-1: Ball 1-1: Ball 2-1: Ball 3-1: Base on Balls Sergio Martínez to second
|
|
Batting: RHB Israel Ávila
|
0-0: Called Strike 0-1: Ball 1-1: Called Strike 1-2: Fly out, F7 (Flyball, 78M, EV 91 MPH)
|
|
Batting: RHB Li-Jen Chu
|
0-0: Ball 1-0: SINGLE (Flyball, 4D, EV 76 MPH) Sergio Martínez to third Milton Ramos to second
|
|
Batting: RHB Hermengildo Forte
|
0-0: Called Strike 0-1: Swinging Strike 0-2: Ball 1-2: SINGLE (Flyball, 56D, EV 66 MPH) Sergio Martínez scores Milton Ramos to third Li-Jen Chu to second
|
|
Pitching: LHP Jody Davis
|
|
|
Now at 1B: Luis Álvarez
|
|
|
Now at 3B: Josh Marshania
|
|
|
Pinch Hitting: RHB Tyrone Ibarra
|
0-0: DOUBLE (Groundball, 5L, EV 116 MPH) Milton Ramos scores Li-Jen Chu scores Hermengildo Forte to third Runner from 3rd tries for Home, SAFE, no throw by LF
|
|
Batting: SHB Jose Herrera
|
0-0: Ball 1-0: Ball 2-0: Ball 3-0: Called Strike 3-1: Swinging Strike 3-2: Ground out 5-3 (Groundball, 56S, EV 89 MPH)
|
|
Batting: SHB Bob MacKerchar
|
0-0: Foul Ball, location: 2F 0-1: Fly out, F8 (Flyball, 78M, EV 97 MPH)
|
| Top of the 8th over - 4 runs, 3 hits, 1 error, 1 left on base; New York 6 - Arizona 6 |
| BOTTOM OF THE 8TH |
|
Arizona Diamondbacks batting - Pitching for New York Yankees : RHP Julián López
|
|
Now in RF: Randy González
|
|
|
Batting: RHB Terrell Joyce
|
0-0: Called Strike 0-1: Ball 1-1: Foul Ball, location: 2F 1-2: Foul Ball, location: 2F 1-2: Ball 2-2: SINGLE (Groundball, 5D, EV 109 MPH)
|
|
Batting: RHB Yohel Pozo
|
0-0: Called Strike 0-1: Ball 1-1: Ball 2-1: Sac Bunt to 5S - play at second, runner OUT! 5-6
|
|
Batting: SHB Johnny McConnell
|
0-0: Called Strike 0-1: Foul Ball, location: 2F 0-2: Strikes out looking
|
|
Batting: LHB Jorge Aguilar
|
0-0: Ball 1-0: Fielders Choice at 2nd, U6 (Groundball, 6M, EV 80 MPH)
|
| Bottom of the 8th over - 0 runs, 1 hit, 0 errors, 1 left on base; New York 6 - Arizona 6 |
| TOP OF THE 9TH |
|
New York Yankees batting - Pitching for Arizona Diamondbacks : LHP Jody Davis
|
|
Pitching: RHP Dan Edwards
|
|
|
Batting: RHB Xander Bogaerts
|
0-0: Called Strike 0-1: Reached on error, E5 (Groundball, 5S, EV 72 MPH)
|
|
Batting: LHB Sergio Martínez
|
0-0: Foul Ball, location: 9LSF 0-1: Called Strike 0-2: Ball 1-2: Foul Ball, location: 7LSF 1-2: Ball 2-2: Foul Ball, location: 3F 2-2: DOUBLE (Groundball, 5D, EV 100 MPH) Xander Bogaerts to third
|
|
Batting: RHB Milton Ramos
|
0-0: Called Strike 0-1: Swinging Strike 0-2: Fielders Choice at home, 5-2 (Groundball, 5S, EV 53 MPH) Sergio Martínez to third
|
|
Batting: RHB Israel Ávila
|
0-0: Called Strike 0-1: Ball 1-1: Foul Ball, location: 3F 1-2: Foul Ball, location: 3DF 1-2: Foul Ball, location: 2F 1-2: Strikes out looking Milton Ramos takes 2nd base (defensive indifference) Batter strikes out.
|
|
Batting: RHB Li-Jen Chu
|
0-0: Called Strike 0-1: Called Strike 0-2: Foul Ball, location: 3FF 0-2: Ball 1-2: Foul Ball, location: 2F 1-2: Ball 2-2: Ball 3-2: Base on Balls
|
|
Batting: RHB Hermengildo Forte
|
0-0: Ball 1-0: Ball 2-0: Called Strike 2-1: Swinging Strike 2-2: Foul Ball, location: 2LF 2-2: Ball 3-2: SINGLE (Line Drive, 9S, EV 88 MPH) Sergio Martínez scores Milton Ramos to third Li-Jen Chu to second Milton Ramos scores Li-Jen Chu to third
|
|
Batting: LHB Randy González
|
0-0: Called Strike 0-1: Foul Ball, location: 2F 0-2: Ball 1-2: Fielders Choice at 2nd, U6 (Groundball, 6M, EV 115 MPH)
|
| Top of the 9th over - 2 runs, 2 hits, 1 error, 2 left on base; New York 8 - Arizona 6 |
| BOTTOM OF THE 9TH |
|
Arizona Diamondbacks batting - Pitching for New York Yankees : RHP Julián López
|
|
Pitching: RHP Brad Gray
|
|
|
Batting: RHB Josh Marshania
|
0-0: Foul Ball, location: 3FF 0-1: Called Strike 0-2: Ball 1-2: Ground out 6-3 (Groundball, 6MS, EV 110 MPH)
|
|
Batting: LHB José Silva
|
0-0: Ball 1-0: Ball 2-0: Called Strike 2-1: Ball 3-1: Called Strike 3-2: Foul Ball, location: 2RF 3-2: Strikes out swinging
|
|
Batting: RHB Luis Álvarez
|
0-0: Foul Ball, location: 23F 0-1: Ball 1-1: Ball 2-1: Ball 3-1: Called Strike 3-2: Strikes out looking
|
| Bottom of the 9th over - 0 runs, 0 hits, 0 errors, 0 left on base; New York 8 - Arizona 6 |
|